 Dungeon Crawl Stone Soup version 0.31.0-32-g396128a36d (webtiles) character file.

Game seed: 4112532988065596750

1269 AdnanSaban the Cudgeller (level 8, -3/49 HPs)
             Began as a Gargoyle Fighter on Apr 15, 2024.
             Splashed by a jelly's acid (4 damage)
             ... on level 5 of the Dungeon.
             The game lasted 00:05:38 (5380 turns).

AdnanSaban the Cudgeller (Gargoyle Fighter)         Turns: 5380, Time: 00:05:39

Health: -3/49      AC:  5    Str: 22    XL:     8   Next: 53%
Magic:  8/8        EV: 10    Int:  9    God:
Gold:   311        SH:  4    Dex:  9    Spells: 7/7 levels left

rFire   + . .        a - +0 flail
rCold   + . .        c - +0 buckler
rNeg    + . .        b - +0 scale mail
rPois   ∞            (no helmet)
rElec   +            u - scarf {rC+ rF+}
rCorr   .            (no gloves)
SInv    .            (no boots)
Will    .....        (no amulet) Stlth
                     (no ring)
HPRegen 0.28/turn    (no ring)
MPRegen 0.11/turn

%: no passive effects
@: corroded
A: sickness immunity, AC +5, negative energy resistance 1, electricity
resistance, torment resistance 1, petrification resistance
a: no special abilities


You were on level 5 of the Dungeon.
You visited 2 branches of the dungeon, and saw 7 of its levels.

You collected 311 gold pieces.

Inventory:

Hand Weapons
 a - a +0 flail (weapon)
Missiles
 h - 10 poisoned darts (quivered)
 o - a throwing net
Armour
 b - a +0 scale mail (worn)
 c - a +0 buckler (worn)
 u - a scarf of resistance (worn)
Wands
 x - a wand of charming (17)
 B - a wand of iceblast (8)
Scrolls
 e - 3 scrolls of identify {unknown}
 f - a scroll of enchant weapon {unknown}
 l - a scroll of brand weapon {unknown}
 m - 2 scrolls of revelation {unknown}
 r - 3 scrolls of vulnerability {unknown}
 t - a scroll of immolation {unknown}
 v - 2 scrolls of noise {unknown}
 w - a scroll of amnesia {unknown}
 y - 4 scrolls of teleportation {unknown}
 z - a scroll of blinking {unknown}
 A - a scroll of fear {unknown}
Potions
 d - 2 potions of might
 g - 2 potions of enlightenment {unknown}
 i - 3 potions of haste {unknown}
 j - a potion of brilliance {unknown}
 k - a potion of lignification {unknown}
 n - 2 potions of ambrosia {unknown}
 p - 2 potions of heal wounds {unknown}
 q - a potion of berserk rage {unknown}
 s - 2 potions of curing {unknown}


   Skills:
 + Level 5.1 Fighting
 + Level 6.4 Maces & Flails
 + Level 1.7 Throwing
 + Level 6.3 Armour
 + Level 1.9 Dodging
 + Level 1.3 Stealth
 + Level 4.7 Shields


You had 7 spell levels left.
You didn't know any spells.
Your spell library was empty.

Dungeon Overview and Level Annotations

Branches:
Dungeon (6/15)             Temple (1/1) D:5

Altars:
Cheibriados
Elyvilon
Fedhas
Gozag
Hepliaklqana
Kikubaaqudgha
Makhleb
Nemelex Xobeh
Qazlal
Sif Muna
Vehumet
Wu Jian
Xom
Yredelemnul

Shops:
D:1 *


Innate Abilities, Weirdness & Mutations

You are immune to sickness and miasma.
Your stone body is resilient. (AC +5)
You are immune to poison.
You resist negative energy. (rN+)
You are resistant to electric shocks. (rElec)
You are resistant to unholy torment.
You are immune to petrification.


Message History

You are too injured to fight recklessly!
You are too injured to fight recklessly!
You are too injured to fight recklessly!
You are too injured to fight recklessly!
You are too injured to fight recklessly!
You are too injured to fight recklessly!
You are too injured to fight recklessly!
You are too injured to fight recklessly!
You are too injured to fight recklessly!
You are too injured to fight recklessly!
You barely miss the jelly.
The jelly is heavily wounded.
The ufetubus hits you but does no damage.
The ufetubus barely misses you. The ufetubus closely misses you.
The ufetubus completely misses you. The jelly hits you.
You are splashed with acid.
* * * LOW HITPOINT WARNING * * *
You hit the jelly.
Your hands burn!
* * * LOW HITPOINT WARNING * * *
The jelly is severely wounded.
You block the ufetubus's attack.
The ufetubus hits you but does no damage.
The jelly closely misses you. The ufetubus hits you.
* * * LOW HITPOINT WARNING * * *
The ufetubus hits you but does no damage.
You hit the jelly but do no damage. The acid corrodes you!
Your hands burn!
* * * LOW HITPOINT WARNING * * *
The jelly is severely wounded.
The ufetubus hits you but does no damage.
You block the ufetubus's attack. The jelly barely misses you.
Unknown command.
You hit the jelly.
Your hands burn!
* * * LOW HITPOINT WARNING * * *
The jelly is severely wounded.
The sentinel's mark upon you fades away.
The ufetubus misses you. The ufetubus completely misses you.
You block the jelly's attack. The ufetubus completely misses you.
The ufetubus hits you but does no damage.
You hit the jelly but do no damage.
Your hands burn!
You die...

...#.##..##.....##..#....#...#
...'......#..⌠..#...#....########
...###...........................
...# #..#..#+#..........#########
...# #..#..#.#.#........+......#
...# #..#......#........######.#
...# #..#...[#...#......# #.#
...# ##....###.#J#......# #.#
...# #....#.#.#@#...#### #.# ####
#.#>.#.#.#5#...#########'##
#.#....#.#.#..............#
#.#))#.#.#.###............#
#.#..#.#.#.# #............#
#.#....#.#.# #.....#####'##
#.#.#..#.#.###.....### #...
#.#.#..#.#...'.....'.# ####
#.#.#..#.#####.....#.#


You could see a jelly and an ufetubus.

Vanquished Creatures
  Grinder (D:5)
  A water moccasin (D:5)
  A centaur (D:5)
  2 phantoms
  A bullfrog (D:6)
  2 scorpions
  A howler monkey (D:6)
  3 hounds
  A jelly (D:4)
  An orc priest (D:4)
  A sleepcap (D:6)
  Jessica (D:2)
  4 orc wizards
  8 adders
  6 gnolls
  2 dart slugs
  3 ribbon worms
  8 orcs
  6 ball pythons
  6 endoplasms
  6 giant cockroaches
  5 goblins
  6 hobgoblins
  3 kobolds
  4 quokkas
  3 bats
  4 frilled lizards
  5 rats
95 creatures vanquished.

Notes
Turn   | Place    | Note
-------+----------+-------------------------------------------
     0 | D:1      | AdnanSaban the Gargoyle Fighter began the quest for the
                  | Orb.
     0 | D:1      | Reached XP level 1. HP: 14/14 MP: 1/1
   222 | D:1      | Reached XP level 2. HP: 19/19 MP: 2/2
   435 | D:1      | Found Vueh's General Store.
   512 | D:1      | Reached XP level 3. HP: 18/23 MP: 3/3
  1385 | D:2      | You fall into a shaft and drop 2 floors!
  1534 | D:2      | Noticed Jessica
  1553 | D:2      | Killed Jessica
  1554 | D:2      | Reached XP level 4. HP: 8/29 MP: 4/4
  2323 | D:3      | Found an ancient bone altar of Kikubaaqudgha.
  2324 | D:3      | Found a blossoming altar of Fedhas.
  2346 | D:3      | Found an ornate altar of the Wu Jian Council.
  2431 | D:3      | Found an opulent altar of Gozag.
  2581 | D:3      | Reached XP level 5. HP: 31/33 MP: 5/5
  2707 | D:3      | Found a radiant altar of Vehumet.
  2707 | D:3      | Found a basalt altar of Yredelemnul.
  2708 | D:3      | Found a hazy altar of Hepliaklqana.
  3057 | D:3      | Reached XP level 6. HP: 13/38 MP: 6/6
  3638 | D:4      | Reached skill level 5 in Armour
  3933 | D:5      | Entered Level 5 of the Dungeon
  4018 | D:5      | Noticed a water moccasin
  4036 | D:5      | Killed a water moccasin
  4037 | D:5      | Reached skill level 1 in Throwing
  4037 | D:5      | Reached XP level 7. HP: 21/44 MP: 7/7
  4166 | D:5      | Found a staircase to the Ecumenical Temple.
  4194 | Temple   | Entered the Ecumenical Temple
  4492 | D:5      | Reached skill level 5 in Maces & Flails
  4492 | D:5      | Reached skill level 1 in Dodging
  4631 | D:5      | Noticed Grinder
  4631 | D:5      | Paralysed by Grinder for 4 turns
  4642 | D:5      | Paralysed by Grinder for 3 turns
  4649 | D:5      | Paralysed by Grinder for 2 turns
  4652 | D:5      | Killed Grinder
  4653 | D:5      | Reached skill level 1 in Stealth
  4653 | D:5      | Reached XP level 8. HP: 48/48 MP: 8/8
  5075 | D:6      | Reached skill level 5 in Fighting
  5379 | D:5      | HP: 1/49 [acid (4)]
  5380 | D:5      | Splashed by a jelly's acid

Illustrated notes

Levels and vault maps discovered:
D:1:      erik_arrival_triangle_small, layout_loops_corners, serial_shops,
          nicolae_square_shop, due_unseen_surprise
D:2:      layout_loops_corners, uniq_jessica
D:3:      layout_loops_ring, grunt_temple_overflow_growth_and_decay,
          lemuel_tele_altar, minitemple, lemuel_doored_altar, nrook_mini_vaults,
          minmay_box_of_dots
D:4:      layout_loops_ring, grunt_ministairs_9, grunt_tough_drop
D:5:      layout_basic, minmay_temple_entry_waves, uniq_grinder
D:6:      layout_loops_corners, grunt_decor_arrowhead
Temple:   nicolae_temple_great_sept

Skill      XL: |  1  2  3  4  5  6  7  8 |
---------------+-------------------------+-----
Maces & Flails | 3 4 5 6 |  6.4
Armour         | 4 5 6 |  6.3
Fighting       | 4 5 |  5.1
Shields        | 4 |  4.7
Throwing       | 1 |  1.7
Dodging        | 1 |  1.9
Stealth        | 1 |  1.3

Action                     |  1- 3 |  4- 6 |  7- 9 || total
---------------------------+-------+-------+-------++-------
  Melee: Flail             |   107 |   167 |   138 ||   412
  Throw: Dart              |       |     3 |     6 ||     9
 Armour: Scale mail        |    80 |   133 |   147 ||   360
  Dodge: Dodged            |    59 |    72 |    93 ||   224
  Block: Buckler           |    22 |    46 |    38 ||   106
